[Event "Bangabandhu Premier Div League 2022"]
[Site "Dhaka"]
[Date "2022.12.10"]
[Round "11.12"]
[White "Bappi, A.b."]
[Black "Ikramul, Haq Siam"]
[Result "0-1"]
[ECO "A21"]
[WhiteElo "1846"]
[BlackElo "2099"]
[Annotator "TA"]
[PlyCount "88"]
[EventDate "2022.11.30"]
[EventType "team-tourn"]
[EventCountry "BAN"]
[SourceTitle "playchess.com"]
[Source "ChessBase"]
[SourceQuality "1"]
[TimeControl "40/5400+30:1800+30"]

1. c4 e5 2. Nc3 Bb4 3. Qc2 c6 4. Nf3 d6 5. g3 f5 {[%emt 0:00:23] [#]} 6. a3 $146 {[%emt 0:03:24] A21: English Opening: 1...e5 2 Nc3.} ({Predecessor:} 6. Bg2 Nf6 7. O-O O-O 8. d3 Kh8 9. a3 Ba5 10. b4 Bc7 11. b5 a6 12. bxc6 bxc6 {1-0 (44) Ramanathan,S (1884)-Ivanov,A (2471) Albany 2017}) 6... Ba5 7. Bg2 Nf6 8. b4 {[%emt 0:08:03] White is slightly better.} Bc7 9. d3 O-O 10. Bb2 Kh8 11. h3 a5 12. b5 Qe8 13. e4 ({White should try} 13. O-O $14) 13... fxe4 $15 14. dxe4 Be6 15. Qe2 ({Better is} 15. bxc6 $15 bxc6 16. c5) 15... Nbd7 $17 16. Rc1 a4 17. O-O Bb6 {[%emt 0:01:09] White must now prevent ...Qh5.} 18. Kh2 (18. Ng5 $17 {is a better defense.}) 18... Qh5 $19 19. Nh4 Bd4 (19... Qxe2 $19 {has better winning chances.} 20. Nxe2 cxb5 21. cxb5 Nc5) 20. Qxh5 $17 Nxh5 21. Nd1 Bc5 {[%emt 0:03:56] Black has more active pieces. The white rooks are badly placed.} 22. Nf5 Nb6 (22... g6 $17 23. Nfe3 Kg8) 23. Nde3 (23. Nxd6 $1 $11 Bxd6 24. c5) 23... cxb5 (23... Rad8 $15) 24. Nxd6 Bxd6 $15 25. c5 Nc4 26. Nxc4 Bxc4 (26... Bxc5 $15 27. Ne3 (27. Nxe5 Bxf2 28. g4 Ng3 $17) 27... Rac8) 27. Rxc4 bxc4 28. cxd6 Rae8 29. Kg1 {[%emt 0:05:41] [#]} (29. d7 Re7 30. Rc1 (30. Rd1 $2 Rd8 $19) 30... b5 $19) (29. f4 $1 $11 exf4 30. e5) 29... Re6 $1 $17 30. Bc3 Rxd6 31. Bxe5 $2 {[%emt 0:04:01] White does not recover from this.} (31. Bb4 $17 Rff6 32. Bxd6 Rxd6 33. Rb1) 31... Rd3 $19 {[%emt 0:00:40][%cal Of8e8] ...Re8! is the strong threat.} 32. Rb1 (32. Rc1 $142 b5 33. Bc3) 32... Rb3 (32... Rxa3 $2 {perishes.} 33. Rc1 (33. Bd6 $2 Rb3 $19) 33... Rc8 34. h4 $19) 33. Rc1 {[%emt 0:00:11] [#]} Rc8 ({But not} 33... Rxa3 34. Bd6 Rff3 35. Bxf3 Rxf3 36. Rxc4 $18) 34. g4 $2 (34. Bd6) 34... Nf6 35. Bd6 Ne8 36. Bb4 c3 {[%emt 0:00:41][%cal Bc4c3,Bc3c2][%mdl 32] Hoping for ...c2.} 37. e5 c2 {[%emt 0:00:44] Strongly threatening ...Rb1. Black is clearly winning.} 38. Kh2 Rb1 39. Bd2 Rxc1 40. Bxc1 Rd8 41. Bxb7 Rd1 42. Bc6 Rxc1 43. Bxa4 Nc7 {[%emt 0:01:31][%cal Oc1h1] ( -> ...Rh1+!)} 44. Bxc2 Rxc2 {[%emt 0:00:10] Weighted Error Value: White=0.63/Black=0.25 (precise)} 0-1